 Dungeon Crawl Stone Soup version 0.27.1-1-g398f81649c (webtiles) character file.

Game seed: 14046947180498485317

25550 nxtlvl the Brawler (level 12, -7/112 HPs)
             Began as a Minotaur Transmuter on Sept 19, 2021.
             Was a High Priest of Cheibriados.
             Mangled by a komodo dragon (9 damage)
             ... while petrified by a basilisk
             ... on level 5 of the Lair of Beasts.
             The game lasted 01:00:38 (5655 turns).

nxtlvl the Brawler (Minotaur Transmuter)            Turns: 5655, Time: 01:00:38

Health: -7/112     AC:  3    Str: 38    XL:     12   Next: 90%
Magic:  23/23      EV:  2    Int: 23    God:    Cheibriados [*****.]
Gold:   638        SH:  0    Dex: 25    Spells: 10/13 levels left

rFire    . . .     SeeInvis .     - Unarmed
rCold    . . .     Faith    .   (no shield)
rNeg     + + +     Spirit   .   c - +0 leather armour {rPois}
rPois    ∞         Reflect  .   (helmet currently unavailable)
rElec    .         Harm     .   (no cloak)
rCorr    +         Rampage  .   (no gloves)
Will     .....                  (boots currently unavailable)
Stlth    ++........             z - amulet of Okawaru's Inspiration {Regen+ rCorr}
HPRegen  1.28/turn              f - +6 ring of strength
MPRegen  0.18/turn              o - ring of magical power

@: appendages, petrified, wereblooded, very slow
A: talons 2, horns 2, retaliatory headbutt
a: End Transformation, Renounce Religion, Bend Time, Temporal Distortion,
Slouch, Step From Time


You were on level 5 of the Lair of Beasts.
You worshipped Cheibriados.
Cheibriados was extremely pleased with you.
You had temporarily grown beastly talons.
You visited 3 branches of the dungeon, and saw 18 of its levels.

You collected 858 gold pieces.
You spent 220 gold pieces at shops.

Inventory:

Hand Weapons
 b - a +0 shortbow
Missiles
 s - 158 arrows
 K - 38 bolts
 L - 2 throwing nets
 R - 19 poisoned darts (quivered)
Armour
 c - a +0 leather armour of poison resistance (worn)
 w - a +1 scale mail of cold resistance
 C - a +0 troll leather armour
 W - a +3 ring mail of fire resistance
Jewellery
 f - a +6 ring of strength (left hand)
 o - a ring of magical power (right hand)
 z - the amulet of Okawaru's Inspiration (around neck) {Regen+ rCorr}
   (You found it on level 7 of the Dungeon)

   [amulet of regeneration]

   Regen:     It increases your rate of health regeneration.
   rCorr:     It protects you from acid and corrosion.
 N - a ring of positive energy
 O - a ring of fire
Wands
 g - a wand of paralysis (2)
 t - a wand of flame (48)
 y - a wand of mindburst (15)
 P - a wand of acid (21)
 Q - a wand of iceblast (2)
Scrolls
 a - 4 scrolls of vulnerability {unknown}
 d - 5 scrolls of teleportation
 e - a scroll of enchant weapon
 h - a scroll of enchant armour
 j - 2 scrolls of fear {unknown}
 k - 3 scrolls of amnesia {unknown}
 l - a scroll of magic mapping {unknown}
 r - a scroll of torment {unknown}
 u - 4 scrolls of fog {unknown}
 A - a scroll of noise {unknown}
 F - a scroll of summoning {unknown}
 G - a scroll of acquirement {unknown}
 S - a scroll of blinking {unknown}
Potions
 i - a potion of cancellation
 m - a potion of invisibility
 n - 5 potions of curing
 p - 3 potions of heal wounds
 q - 2 potions of magic {unknown}
 v - a potion of resistance
 x - 2 potions of flight
 B - 2 potions of attraction
 D - 3 potions of mutation {unknown}
 E - 3 potions of brilliance {unknown}
 H - 3 potions of might
 I - a potion of lignification
 J - a potion of ambrosia


   Skills:
 + Level 12.1 Fighting
 + Level 10.7 Dodging
 * Level 16.0 Unarmed Combat
 - Level 1.3 Spellcasting
 - Level 5.0 Transmutations
 - Level 5.0 Invocations


You had 10 spell levels left.
You knew the following spells:

 Your Spells              Type           Power      Damage    Failure   Level
a - Beastly Appendage     Tmut           48%        N/A       1%          1
s - Wereblood             Tmut           24%        N/A       2%          2

Your spell library contained the following spells:

 Spells                   Type           Power      Damage    Failure   Level
 Sting                    Tmut/Pois      52%        1d5       5%          1
 Spider Form              Tmut/Pois      6%         N/A       16%         3
 Ensorcelled Hibernation  Hex/Ice        2%         N/A       22%         2
 Poisonous Vapours        Pois/Air       2%         N/A       22%         2
 Sublimation of Blood     Necr           0%         N/A       22%         2
 Ignite Poison            Fire/Tmut/Pois 9%         N/A       22%         3
 Call Canine Familiar     Summ           1%         N/A       41%         3
 Conjure Flame            Conj/Fire      1%         6-21      41%         3
 Frozen Ramparts          Ice            2%         1d2       41%         3
 Ozocubu's Armour         Ice            1%         N/A       41%         3
 Portal Projectile        Hex/Tloc       2%         N/A       41%         3
 Ice Form                 Ice/Tmut       13%        N/A       45%         4
 Leda's Liquefaction      Hex/Erth       0%         N/A       82%         4
 Olgreb's Toxic Radiance  Pois           1%         N/A       82%         4
 Sticky Flame             Conj/Fire      1%         2d3       82%         4
 Summon Ice Beast         Ice/Summ       1%         N/A       82%         4
 Shadow Creatures         Summ           N/A        N/A       100%        6
 Ozocubu's Refrigeration  Ice            0%         4d5       100%        7
 Summon Hydra             Summ           0%         N/A       100%        7


Dungeon Overview and Level Annotations

Branches:
Dungeon (11/15)            Temple (1/1) D:7            Lair (6/6) D:11
 Shoals (0/4) Lair:3       Spider (0/4) Lair:4          Orc (0/2) D:10
  Slime: Lair:5-6

Altars:
Cheibriados
Elyvilon
Fedhas
Gozag
Hepliaklqana
Kikubaaqudgha
Makhleb
Nemelex Xobeh
Okawaru
Trog
Uskayaw
Vehumet
Wu Jian
Xom
Yredelemnul
Zin

Shops:
D:4 *(   D:8 !

Annotations:
Lair:2 Gastronok


Innate Abilities, Weirdness & Mutations

You have temporarily grown beastly talons.
You are immune to poison.
You have a pair of horns on your head.
You reflexively headbutt those who attack you in melee.


Message History

The wolf bites you. The komodo dragon closely misses you.
You furiously retaliate!
You headbutt the komodo dragon, but do no damage.
The wolf bites you but does no damage.
There is a stone staircase leading up here.
Unknown command.
Unknown command.
Unknown command.
The wolf barely misses you. The wolf bites you. x2
The basilisk gazes at you.
You are slowing down.
The wolf bites you! The wolf closely misses you. The wolf bites you.
You climb upwards.
You feel yourself speed up.
You have turned to stone.
The wolf bites you.
The wolf bites you! x2; The wolf bites you.
The komodo dragon bites you! The wolf bites you. The wolf bites you!
The wolf bites you but does no damage. The wolf bites you. x2
The komodo dragon bites you! The wolf bites you. x3
The wolf bites you but does no damage. x2; The wolf bites you!
The komodo dragon completely misses you.
The wolf bites you!
The wolf bites you. x3; The wolf bites you!
The komodo dragon bites you! The wolf bites you!
* * * LOW HITPOINT WARNING * * *
The wolf bites you.
* * * LOW HITPOINT WARNING * * *
The wolf barely misses you. x2; The komodo dragon bites you!!
* * * LOW HITPOINT WARNING * * *
The wolf bites you!
* * * LOW HITPOINT WARNING * * *
The wolf bites you!
* * * LOW HITPOINT WARNING * * *
The wolf bites you.
* * * LOW HITPOINT WARNING * * *
The wolf bites you.
* * * LOW HITPOINT WARNING * * *
The wolf bites you!
* * * LOW HITPOINT WARNING * * *
The wolf bites you. The komodo dragon bites you!!
You die...

...........♣P....≈≈≈≈≈.≈≈..####..
≈...........≈...≈≈≈≈≈≈...........
≈...............P≈≈≈≈♣...........
≈≈..............≈P≈P♣♣..#.#.P##..
≈≈≈.............≈≈≈P♣...##.####..
≈≈≈.#........P..♣≈≈≈♣.......# #..
≈≈≈..#..........#≈≈≈....PP...#P..
≈≈≈.........†..hh.♣≈...........+.
≈≈≈≈##..........@..#.........##..
≈≈..........#..hl........#^...# .
≈≈..........###P.#†..........P#
....#........#....P..........##
..##.....................#.### .
##.....................#.#
..........................
.........................
.........................


You could see a komodo dragon and 3 wolves.

Vanquished Creatures
  Harold (D:9)
  4 hydras
  A catoblepas (Lair:3)
  A two-headed ogre (D:10)
  Nergalle (Lair:3)
  A deep elf pyromancer (D:9)
  2 black mambas
  Maggie (D:6)
  8 komodo dragons
  A torpor snail (Lair:4)
  8 cane toads
  A gargoyle (D:7)
  A rime drake (Lair:2)
  4 polar bears
  A troll (D:10)
  Grinder (D:3)
  10 blink frogs
  2 shadows (D:10)
  A redback (Lair:4)
  21 yaks
  3 wyverns
  2 basilisks (D:11)
  Edmund (D:6)
  Menkaure (D:5)
  11 water moccasins
  Duvessa (D:6)
  2 acid dragons
  4 orc warriors
  2 sky beasts
  An ice beast (D:7)
  2 black bears
  8 wolves
  2 ogres (D:6)
  2 phantoms
  5 centaurs
  3 kobold brigands
  5 bullfrogs
  Blork the orc (D:4)
  A gnoll sergeant (D:9)
  A scorpion (D:5)
  Dowan (D:6)
  A water moccasin zombie (D:6)
  2 troll zombies (D:10)
  10 wights (D:9)
  4 electric eels
  2 howler monkeys
  A bullfrog zombie (D:6)
  4 hounds
  2 jellies
  5 orc priests
  3 centaur skeletons
  3 iguanas
  Ijyb (D:5)
  5 orc wizards
  10 hell rats
  4 ogre zombies (D:10)
  3 howler monkey zombies
  4 adders
  3 gnolls (D:9)
  A howler monkey skeleton (D:6)
  A shadow imp (D:7)
  2 worms (D:3)
  A dart slug (D:3)
  14 orcs
  2 endoplasms (D:4)
  2 hobgoblins
  2 ball pythons
  A frilled lizard (D:3)
  A goblin zombie (D:10)
  A hobgoblin zombie (D:10)
  20 kobolds
  2 orc skeletons (D:10)
  15 orc zombies (D:10)
262 creatures vanquished.

Vanquished Creatures (others)
  14 fungi
  43 plants
57 creatures vanquished.

Grand Total: 319 creatures vanquished

Notes
Turn   | Place    | Note
-------+----------+-------------------------------------------
     0 | D:1      | nxtlvl the Minotaur Transmuter began the quest for the Orb.
     0 | D:1      | Reached XP level 1. HP: 16/16 MP: 1/1
   148 | D:2      | Reached skill level 4 in Unarmed Combat
   148 | D:2      | Reached XP level 2. HP: 14/23 MP: 3/3
   163 | D:2      | Found a faded altar of an unknown god.
   243 | D:3      | Noticed Grinder
   278 | D:4      | Noticed a black bear
   287 | D:4      | Killed a black bear
   288 | D:4      | Reached skill level 5 in Unarmed Combat
   288 | D:4      | Reached XP level 3. HP: 26/28 MP: 4/4
   288 | D:4      | Reached XP level 4. HP: 32/35 MP: 5/5
   451 | D:3      | Found a blossoming altar of Fedhas.
   454 | D:3      | Found an ancient bone altar of Kikubaaqudgha.
   456 | D:3      | Found an iron altar of Okawaru.
   523 | D:3      | Reached skill level 6 in Unarmed Combat
   569 | D:3      | Paralysed by Grinder for 3 turns
   578 | D:3      | Killed Grinder
   579 | D:3      | Reached skill level 7 in Unarmed Combat
   579 | D:3      | Reached XP level 5. HP: 38/45 MP: 6/6
   579 | D:3      | Reached XP level 6. HP: 43/51 MP: 7/7
   668 | D:4      | Found Ziasm's Weapon Shoppe.
   728 | D:4      | Found Zin's Purification Station.
   728 | D:4      | Found a glowing silver altar of Zin.
   839 | D:4      | Noticed Blork the orc
   851 | D:4      | Killed Blork the orc
   863 | D:4      | Learned a level 2 spell: Wereblood
   865 | D:5      | Entered Level 5 of the Dungeon
   889 | D:5      | Noticed a water moccasin
   922 | D:6      | Reached XP level 7. HP: 46/58 MP: 8/8
   965 | D:5      | Reached skill level 8 in Unarmed Combat
  1102 | D:5      | Noticed Ijyb
  1119 | D:5      | Killed Ijyb
  1194 | D:5      | Noticed Menkaure
  1195 | D:5      | Found a hazy altar of Hepliaklqana.
  1198 | D:5      | Killed Menkaure
  1199 | D:5      | Reached XP level 8. HP: 39/67 MP: 9/9
  1206 | D:5      | Reached skill level 5 in Fighting
  1239 | D:5      | Reached skill level 9 in Unarmed Combat
  1258 | D:5      | Found an ornate altar of the Wu Jian Council.
  1445 | D:6      | Noticed Edmund
  1458 | D:6      | Killed Edmund
  1541 | D:6      | Noticed Maggie
  1562 | D:6      | Killed Maggie
  1619 | D:6      | Noticed Dowan
  1619 | D:6      | Noticed Duvessa
  1623 | D:6      | Killed Duvessa
  1624 | D:6      | Reached skill level 10 in Unarmed Combat
  1626 | D:6      | Reached XP level 9. HP: 75/75 MP: 10/10
  1627 | D:6      | Killed Dowan
  1693 | D:6      | Reached skill level 5 in Dodging
  1887 | D:7      | Identified the amulet of Okawaru's Inspiration {Regen+
                  | rCorr}
  1993 | D:7      | Found a radiant altar of Vehumet.
  2256 | D:7      | Noticed a gargoyle
  2295 | D:7      | Killed a gargoyle
  2296 | D:7      | Reached skill level 11 in Unarmed Combat
  2365 | D:7      | Found an opulent altar of Gozag.
  2409 | D:7      | Found a staircase to the Ecumenical Temple.
  2447 | Temple   | Entered the Ecumenical Temple
  2481 | Temple   | Became a worshipper of Cheibriados the Contemplative
  2569 | D:8      | Reached skill level 5 in Transmutations
  2613 | D:8      | Found Tenotux's Distillery.
  2638 | D:8      | Bought a potion of might for 44 gold pieces
  2638 | D:8      | Bought a potion of lignification for 33 gold pieces
  2638 | D:8      | Bought a potion of ambrosia for 88 gold pieces
  2638 | D:8      | Bought a potion of heal wounds for 55 gold pieces
  2716 | D:8      | Found a sparkling altar of Nemelex Xobeh.
  2749 | D:8      | Reached XP level 10. HP: 72/88 MP: 11/11
  2928 | D:8      | Found a hide-covered altar of Uskayaw.
  3032 | D:9      | Noticed a deep elf pyromancer
  3044 | D:9      | Killed a deep elf pyromancer
  3077 | D:9      | Reached * piety under Cheibriados
  3218 | D:9      | Noticed Harold
  3230 | D:9      | Killed Harold
  3231 | D:9      | Reached skill level 12 in Unarmed Combat
  3684 | D:10     | Entered Level 10 of the Dungeon
  3702 | D:10     | Found a basalt altar of Yredelemnul.
  3712 | D:10     | Noticed a two-headed ogre
  3721 | D:10     | Killed a two-headed ogre
  3722 | D:10     | Reached skill level 13 in Unarmed Combat
  3748 | D:10     | Reached ** piety under Cheibriados
  3980 | D:10     | Found a staircase to the Orcish Mines.
  4000 | D:10     | Reached XP level 11. HP: 97/97 MP: 12/12
  4105 | D:10     | Reached *** piety under Cheibriados
  4158 | D:11     | Found a staircase to the Lair.
  4232 | D:11     | Reached skill level 10 in Fighting
  4280 | Lair:1   | Entered Level 1 of the Lair of Beasts
  4312 | Lair:2   | Noticed Gastronok
  4410 | Lair:3   | Noticed an eight-headed hydra
  4416 | Lair:3   | Killed an eight-headed hydra
  4417 | Lair:3   | Reached skill level 1 in Invocations
  4420 | Lair:3   | Reached **** piety under Cheibriados
  4423 | Lair:3   | Reached skill level 14 in Unarmed Combat
  4630 | Lair:3   | Noticed a catoblepas
  4642 | Lair:3   | Killed a catoblepas
  4670 | Lair:3   | Found a staircase to the Shoals.
  4899 | Lair:2   | Noticed a six-headed hydra
  4905 | Lair:2   | Killed a six-headed hydra
  4906 | Lair:2   | Reached XP level 12. HP: 56/108 MP: 13/13
  5080 | Lair:3   | Reached ***** piety under Cheibriados
  5109 | Lair:3   | Noticed Nergalle
  5115 | Lair:3   | Killed Nergalle
  5161 | Lair:4   | Reached skill level 15 in Unarmed Combat
  5174 | Lair:4   | Reached skill level 10 in Dodging
  5334 | Lair:4   | Found a hole to the Spider Nest.
  5403 | Lair:4   | Reached skill level 5 in Invocations
  5424 | Lair:4   | Noticed an eight-headed hydra
  5429 | Lair:4   | Killed an eight-headed hydra
  5464 | Lair:4   | Noticed an eight-headed hydra
  5472 | Lair:4   | Killed an eight-headed hydra
  5639 | Lair:6   | Entered Level 6 of the Lair of Beasts
  5641 | Lair:6   | Noticed a death yak
  5646 | Lair:6   | Reached skill level 16 in Unarmed Combat
  5655 | Lair:5   | HP: 2/112 [wolf (5)]
  5655 | Lair:5   | Mangled by a komodo dragon

Illustrated notes

Levels and vault maps discovered:
D:1:      dpeg_arrival_water_fire, layout_basic, minmay_misc_feat_columns
D:2:      layout_loops_ring, hellmonk_ecumenical_altar_arch_garden,
          corexii_shack, kennysheep_small_spiral
D:3:      layout_basic, grunt_temple_overflow_diamond, nrook_mini_backslash,
          uniq_grinder, uniq_jessica
D:4:      layout_loops_cross, zin_purify, serial_shops,
          nicolae_inconvenience_store, uniq_blork_the_orc
D:5:      layout_loops_ring, nicolae_wu_jian_glorious_leap,
          mainiacjoe_overflow_alcove_1, uniq_menkaure, uniq_ijyb
D:6:      layout_cave_pools, minmay_fractal_squares_5, uniq_edmund, uniq_maggie,
          uniq_duvessa
D:7:      layout_basic, nicolae_vehumet_altar_sigil, lemuel_doored_altar,
          minmay_temple_entry_stoned_glass, minmay_misc_feat_cross
D:8:      layout_basic, general_overflow_altar, nicolae_uskayaw_dance_studio,
          serial_shops, shop_fountains, glass_columns_a, minivault_4,
          uniq_joseph
D:9:      layout_cave_pods, uniq_harold
D:10:     layout_basic, nicolae_ru_the_path_less_chosen,
          yredelemnul_altar_generic, zombieorc1_lemuel
D:11:     layout_loops_ring, minmay_lair_entry_grove, serial_shops,
          kennysheep_mini_moat, shop, shop, gammafunk_ghost_hydra_chop,
          fedhas_altar_fruit_tree, uniq_snorg, uniq_urug
Temple:   dpeg_chambers_temple
Lair:1:   beast_lair_carwin_large_1, layout_gridlike, minivault_25, uniq_fannar
Lair:2:   layout_regular_city, uniq_gastronok
Lair:3:   layout_concentric_octagons, minmay_shoals_entry_centaurs,
          uniq_nergalle
Lair:4:   layout_regular_city, spider_nest_entry_a, beast_lair_carwin_5
Lair:5:   cheibrodos_lair_river_kwai, layout_regular_city,
          gammafunk_ghost_split, serial_bayou_ford_a, beast_lair_carwin_8,
          infiniplex_staircase_pool_2, minmay_lair_oklob_chamber,
          serial_bayou_shore_a
Lair:6:   evil_forest, layout_regular_city, slime_altar_1, worms_lemuel,
          uniq_nessos, uniq_sonja

Skill      XL: |  1  2  3  4  5  6  7  8  9 10 11 12 |
---------------+-------------------------------------+-----
Unarmed Combat | 4 5 7 8 10 11 13 14 16 | 16.0
Fighting       | 3 4 6 7 9 10 12 | 12.1
Transmutations | 2 3 4 5 |  5.0
Dodging        | 3 4 6 8 9 10 | 10.7
Invocations    | 3 5 |  5.0
Spellcasting   | |  1.3

Action                   |  1- 3 |  4- 6 |  7- 9 | 10-12 || total
-------------------------+-------+-------+-------+-------++-------
Melee: Unarmed           |    24 |    34 |   191 |   357 ||   606
       Headbutt          |     4 |     6 |    35 |   102 ||   147
       Kick              |     1 |     6 |    49 |    94 ||   150
       Punch             |       |     2 |    11 |    36 ||    49
Throw: Dart              |       |       |    11 |     6 ||    17
 Cast: Beastly Appendage |     1 |     6 |    26 |    31 ||    64
       Wereblood         |       |       |    15 |    36 ||    51
Evoke: Wand              |     1 |     3 |     9 |    18 ||    31
  Use: Scroll            |       |       |     7 |     3 ||    10
       Potion            |       |       |       |     2 ||     2
 Stab: Paralysed         |     6 |     5 |     8 |       ||    19
Armor: Ring mail         |     6 |     2 |    13 |       ||    21
       Leather armour    |       |       |    14 |    31 ||    45
       Troll leather arm |       |       |       |     4 ||     4
Dodge: Dodged            |    10 |     9 |    78 |   237 ||   334
